 Dungeon Crawl Stone Soup version 0.23-b1-13-gf37ab262a9 (webtiles) character file.

Game seed: 2459279437180309019

349 Kaderl the Shooter (level 6, -1/43 (46) HPs)
             Began as a Human Hunter on Feb 3, 2019.
             Killed from afar by an orc wizard (10 damage)
             ... with a magic dart
             ... on level 4 of the Dungeon.
             The game lasted 00:10:57 (4010 turns).

Kaderl the Shooter (Human Hunter)                   Turns: 4010, Time: 00:10:58

HP:   -1/43 (46)    AC:  5    Str: 13    XL:     6   Next: 92%
MP:   6/6           EV: 13    Int: 12    God:
Gold: 150           SH:  0    Dex: 14    Spells: 5/5 levels left

rFire    . . .     SeeInvis .   b - +0 short sword
rCold    . . .     Gourm    +   (no shield)
rNeg     . . .     Faith    .   c - +0 leather armour
rPois    .         Spirit   .   g - +2 hat
rElec    .         Reflect  .   (no cloak)
rCorr    .         Harm     .   (no gloves)
MR       .....                  (no boots)
Stlth    ++........             m - amulet of the gourmand
HPRegen  0.14/turn              (no ring)
MPRegen  0.10/turn              (no ring)

@: no status effects
A: no striking features
a: no special abilities


You were on level 4 of the Dungeon.
You were not hungry.

You visited 1 branch of the dungeon, and saw 4 of its levels.

You collected 150 gold pieces.

Inventory:

Hand Weapons
 a - a +2 shortbow
 b - a +0 short sword (weapon)
Missiles
 d - 38 arrows
Armour
 c - a +0 leather armour (worn)
 g - a +2 hat (worn)
Jewellery
 m - an amulet of the gourmand (around neck)
Scrolls
 h - 3 scrolls of enchant weapon
 l - 5 scrolls of teleportation
 n - a scroll of remove curse {unknown}
 o - 5 scrolls of identify
 p - a scroll of blinking {unknown}
Potions
 e - a potion of might {unknown}
 i - 2 potions of invisibility {unknown}
 j - a potion of heal wounds {unknown}
 k - a potion of lignification {unknown}
 q - a potion of degeneration {unknown}
Comestibles
 f - 2 rations


   Skills:
 + Level 2.7 Fighting
 + Level 2.1 Short Blades
 * Level 5.6 Bows
 + Level 1.9 Armour
 * Level 3.2 Dodging
 * Level 2.4 Stealth


You had 5 spell levels left.
You didn't know any spells.
Your spell library was empty.

Dungeon Overview and Level Annotations

Branches:
Dungeon (4/15)
 Temple: D:4-7

Altars:
Vehumet


Message History

Okay, then.
Wield which item (- for none, * to show all)? (? for menu, Esc to quit)
b - a +0 short sword (weapon)
Something hits you.
You hit something but do no damage. Something hits you.
You miss something. Something hits you but does no damage.
You hit something but do no damage. Something hits you but does no damage.
You hit something but do no damage. Something barely misses you.
You hit something. Something hits you.
You miss something.
You hear some strange, mumbled words.
A puff of flame appears from out of thin air!
The puff of flame hits you.
* * * LOW HITPOINT WARNING * * *
You miss something. Something hits you but does no damage.
You miss something.
You hear some strange, mumbled words.
A magic dart appears from out of thin air!
The magic dart hits you!
You die...

#.. .## ......
..###.......... . #
...#........... (.#.
#.............. .....
##...#...##.....
..(..####....#.#..#...#.
##...#.................
#...({......#...##....#
#(...)@.(..##.....^....
....$....(.......<......
....#...................
... #.....#.........##.#
.. #......#.....#......)
.............#.....##
.#.#...##..........##
#######.##.#...[.(..###
...##.........#


There were no monsters in sight!

Vanquished Creatures
  A necrophage (D:3)
  An orc priest (D:4)
  Natasha (D:3)
  A worker ant (D:2)
  5 adders
  4 gnolls (D:2)
  2 oozes
  3 worms
  A dart slug (D:1)
  3 leopard geckos (D:1)
  6 orcs
  5 bats
  4 giant cockroaches
  14 goblins
  4 hobgoblins
  4 jackals
  8 kobolds
  A quokka (D:3)
  A ball python (D:3)
  5 frilled lizards
  7 rats
  A plant (D:2)
82 creatures vanquished.

Vanquished Creatures (others)
  Natasha (D:3)
1 creature vanquished.

Grand Total: 83 creatures vanquished

Notes
Turn   | Place    | Note
-------+----------+-------------------------------------------
     0 | D:1      | Kaderl the Human Hunter began the quest for the Orb.
     0 | D:1      | Reached XP level 1. HP: 16/16 MP: 1/1
    94 | D:1      | Reached XP level 2. HP: 18/22 MP: 2/2
   504 | D:1      | Reached XP level 3. HP: 14/27 MP: 3/3
  1368 | D:2      | Reached skill level 1 in Armour
  1368 | D:2      | Reached XP level 4. HP: 5/33 MP: 4/4
  1899 | D:2      | Reached skill level 1 in Short Blades
  2310 | D:2      | Reached XP level 5. HP: 38/38 MP: 5/5
  2323 | D:2      | Reached skill level 5 in Bows
  3208 | D:3      | Noticed a necrophage
  3221 | D:3      | Killed a necrophage
  3221 | D:3      | Reached XP level 6. HP: 33/43 MP: 6/6
  3372 | D:3      | Found a radiant altar of Vehumet.
  3448 | D:3      | Noticed Natasha
  3454 | D:3      | Killed Natasha
  3711 | D:3      | Killed Natasha
  4010 | D:4      | Killed from afar by an orc wizard

Skill      XL: |  1  2  3  4  5  6 |
---------------+-------------------+-----
Armour         | 1 |  1.9
Short Blades   | 1 2 |  2.1
Bows           | 5 |  5.6
Dodging        | 3 |  3.2
Stealth        | 2 |  2.4
Fighting       | |  2.7

Action                   |  1- 3 |  4- 6 || total
-------------------------+-------+-------++-------
Melee: Short sword       |   120 |   160 ||   280
 Fire: Shortbow          |    18 |    76 ||    94
  Use: Scroll            |       |     6 ||     6
 Stab: Sleeping          |     2 |     1 ||     3
  Eat: Ration            |     1 |     1 ||     2
       Chunk             |       |     7 ||     7
Armor: Leather armour    |    45 |    65 ||   110
Dodge: Dodged            |    78 |   171 ||   249
